 Dungeon Crawl Stone Soup version 0.25.1-2-g60ff931df9 (webtiles) character file.

Game seed: 10507736641188053026

1043572 Erymatos the Intangible (level 27, -1/299 (300) HPs)
             Began as a Minotaur Berserker on Nov 14, 2020.
             Was a High Priest of Trog.
             Killed by divine providence
             ... invoked by a greater mummy
              (9 damage)
             ... on level 2 of the Tomb of the Ancients on Nov 15, 2020.
             The game lasted 06:22:15 (109250 turns).

Erymatos the Intangible (Minotaur Berserker)      Turns: 109250, Time: 06:22:16

HP:   -1/299 (300)  AC: 46    Str: 33    XL:     27
MP:   0/39          EV: 33    Int: -1 (3) God:    Trog [*****.]
Gold: 7190          SH: 45    Dex: 32    Spells: 26/26 levels left

rFire    + + .     SeeInvis .   D - +8 mithril axe "Arga" {speed, MR+}
rCold    + + +     Gourm    .   v - +10 tower shield of Ignorance {rN+ Int-4}
rNeg     + + +     Faith    .   b - +9 gold dragon scales
rPois    +         Spirit   +   Z - +2 hat of the Bear Spirit {Spirit, +Rage rN+ MR++}
rElec    .         Reflect  +   K - +2 cloak
rCorr    .         Harm     .   B - +0 pair of gloves of a bailey {rC+ Slay+5}
MR       +++++                  Y - +2 pair of boots {run}
Stlth    ..........             T - amulet of Jaokicakh {Reflect rN+ Str+4 SH+5}
HPRegen  1.59/turn              U - ring of Intercession {rC+ MR- Dex+9}
MPRegen  0.26/turn              q - ring "Pugodwel" {*Corrode rF+ Int+3 Dex+5}

@: corroded, berserk cooldown, regenerating, slowed, lost intelligence, very
slow
A: retaliatory headbutt, horns 2, slimy green scales 1, blink, robust 1, strong
1, subdued magic 1, MP-powered wands
}: 7/15 runes: barnacled, slimy, iron, obsidian, icy, bone, gossamer
a: Blink, Berserk, Trog's Hand, Brothers in Arms, Renounce Religion, Evoke
Berserk Rage


You were on level 2 of the Tomb of the Ancients.
You worshipped Trog.
Trog was extremely pleased with you.
You were hungry.

You visited 17 branches of the dungeon, and saw 84 of its levels.
You visited the Abyss 2 times.
You also visited: Gauntlet and Wizlab.

You collected 11093 gold pieces.
You spent 3903 gold pieces at shops.

Inventory:

Hand Weapons
 D - the +8 mithril axe "Arga" (weapon) {speed, MR+}
   (You acquired it on level 1 of the Crypt)

   Attacks with this weapon are significantly faster.
   It affects your resistance to hostile enchantments.
 S - a +9 executioner's axe of flaming
Armour
 b - +9 gold dragon scales (worn)
 s - a +2 pair of boots of flying
 t - the +0 pair of gloves "Metse" {*Slow rF++ Str+5}
   (You found it in a Gauntlet)

   It affects your strength (+5).
   It greatly protects you from fire.
   It may slow you when you take damage.
 v - the +10 tower shield of Ignorance (worn) {rN+ Int-4}
   (You found it on level 1 of the Tomb of the Ancients)

   It affects your intelligence (-4).
   It protects you from negative energy.
 B - the +0 pair of gloves of a bailey (worn) {rC+ Slay+5}
   (You found it on level 7 of Tartarus)

   It affects your accuracy and damage with ranged weapons and melee attacks
   (+5).
   It protects you from cold.
 K - a +2 cloak (worn)
 Y - a +2 pair of boots of running (worn)
 Z - the +2 hat of the Bear Spirit (worn) {Spirit, +Rage rN+ MR++}
   (You acquired it on level 5 of the Pits of Slime)

   It protects you from negative energy.
   It affects your resistance to hostile enchantments.
   It lets you go berserk.
Jewellery
 f - a +6 ring of strength
 q - the ring "Pugodwel" (right hand) {*Corrode rF+ Int+3 Dex+5}
   (You took it off a deep elf annihilator on level 3 of the Elven Halls)

   [ring of protection from fire]

   It affects your intelligence (+3).
   It affects your dexterity (+5).
   It protects you from fire.
   It may corrode you when you take damage.
 M - the ring "Pal Wugy" {rElec AC+4}
   (You took it off an ancient champion on level 1 of the Tomb of the Ancients)

   [ring of protection]

   It affects your AC (+4).
   It insulates you from electricity.
 N - an uncursed ring of resist corrosion
 O - an uncursed ring of positive energy
 Q - the amulet of the Median {Faith rElec rN+}
   (You took it off a minotaur in a Gauntlet)

   [amulet of faith]

   It allows you to gain divine favour quickly.
   It insulates you from electricity.
   It protects you from negative energy.
 T - the amulet of Jaokicakh (around neck) {Reflect rN+ Str+4 SH+5}
   (You took it off a deep elf annihilator on level 3 of the Elven Halls)

   [amulet of reflection]

   It shields you and reflects attacks.
   It affects your strength (+4).
   It protects you from negative energy.
   It affects your SH (+5).
 U - the ring of Intercession (left hand) {rC+ MR- Dex+9}
   (You found it on level 15 of the Dungeon)

   [ring of protection from cold]

   It affects your dexterity (+9).
   It protects you from cold.
   It affects your resistance to hostile enchantments.
Wands
 y - a wand of clouds (15)
 H - a wand of digging (6)
Scrolls
 a - a scroll of silence
 g - 7 scrolls of magic mapping
 i - 10 scrolls of enchant weapon
 j - 7 scrolls of fog
 l - 3 scrolls of torment
 n - a scroll of acquirement
 o - 23 scrolls of teleportation
 r - 8 scrolls of vulnerability
 u - 28 scrolls of remove curse
 w - 4 scrolls of holy word
 A - 11 scrolls of immolation
 C - 4 scrolls of fear
 E - 22 scrolls of identify
 G - 15 scrolls of blinking
 L - a scroll of enchant armour
 P - 2 scrolls of summoning
Potions
 d - 9 potions of haste
 e - a potion of mutation
 h - 13 potions of lignification
 k - 4 potions of stabbing
 m - 20 potions of curing
 p - 5 potions of cancellation
 x - 7 potions of invisibility
 z - 4 potions of might
 I - a potion of magic
 J - 6 potions of heal wounds
 R - 5 potions of resistance
 X - 3 potions of ambrosia
Miscellaneous
 F - a tin of tremorstones (3/3)
Comestibles
 c - 12 rations


   Skills:
 O Level 27 Fighting
 O Level 27 Axes
   Level 3.4(18.9) Maces & Flails
   Level 12.0(21.2) Polearms
 O Level 27 Armour
 O Level 27 Dodging
 + Level 9.7 Stealth
 O Level 27 Shields
 O Level 27 Evocations


You had 26 spell levels left.
You didn't know any spells.
Your spell library was empty.

Dungeon Overview and Level Annotations

Branches:
Dungeon (15/15)            Temple (0/1) D:7            Lair (6/6) D:11
 Shoals (4/4) Lair:3       Spider (4/4) Lair:2        Slime (5/5) Lair:5
    Orc (2/2) D:12            Elf (3/3) Orc:2        Vaults (4/5) D:14
  Crypt (3/3) Vaults:2       Tomb (2/3) Crypt:3      Depths (5/5) D:15
   Hell (visited)             Dis (7/7) Hell            Geh (7/7) Hell
    Coc (7/7) Hell            Tar (7/7) Hell            Zot (4/5) Depths:5
 WizLab (visited)         Gauntlet (visited)

Altars:
Ashenzari
Cheibriados
Elyvilon
Hepliaklqana
Kikubaaqudgha
Makhleb
Nemelex Xobeh
Okawaru
Qazlal
Ru
Sif Muna
Trog
Wu Jian
Xom
Yredelemnul
Beogh
Jiyva
Lugonu

Shops:
D:9 *   D:12 ([   Orc:1 ?   Orc:2 [=(*[   Elf:2 (   Shoals:4 [   Vaults:2 (
Vaults:3 *   Depths:1 *

Portals:
Hell: Depths:1 Depths:2 Depths:3 Depths:4 Depths:5
Abyss: Depths:1 Depths:4
Pandemonium: Depths:3
Ziggurat: Depths:1


Innate Abilities, Weirdness & Mutations

You reflexively headbutt those who attack you in melee.
You have a pair of horns on your head.
You are partially covered in slimy green scales. (AC +2)
You can translocate small distances at will.
You are robust. (+10% HP)
Your muscles are strong. (Str +2)
Your spells are a little easier to cast, but a little less powerful.
You expend magic power (3 MP) to strengthen your wands.


Message History

Your body is wracked with pain!
* * * LOW HITPOINT WARNING * * *
The bennu convulses!
The greater mummy gestures wildly while chanting.
The chaos spawn hits you but does no damage.
You block the death scarab's attack.
The ushabti shakes and rattles.
The vile air hits the greater mummy but does no damage.
The vile air hits the jiangshi.
The vile air hits something but does no damage.
The ushabti shakes and rattles deafeningly!
You block the guardian mummy's attack.
The mummy priest prays to its god.
You block the bennu's attack. The bennu claws you but does no damage.
The bennu claws you!
* * * LOW HITPOINT WARNING * * *
Something misses you. The greater mummy casts a spell at you.
Something smites you!
You die...

.......8.......
........○.......
...M.#Z.○#......
...^V..W☼.......
..VW.MM[○/......
.......8MM......
...Z.MW44MZ.....
...?MWzb@MsM....
.....zM☼s8s.....
.....WZVM.M.....
.....Z☼M.s......
......☼.........
.....8..........
.........^......
.^...#...#......
........!......


You could see 4 greater mummies, a bennu, 2 mummy priests, a skeletal warrior, 2
jiangshi, a flayed ghost (summoned), a phantasmal warrior (summoned), 4 guardian
mummies, 4 ushabtiu, a spectral quicksilver dragon (summoned), a spectral frost
giant (summoned), 2 hungry ghosts, 2 chaos spawn, a vampire (summoned), a wraith
(summoned), 4 death scarabs, 4 mummies, a wight (summoned), a fire dragon
simulacrum (summoned), a golden dragon zombie (summoned) and an elf skeleton.

Vanquished Creatures
  Antaeus (Coc:7)
  Asmodeus (Geh:7)
  the Royal Jelly (Slime:5)
  Ereshkigal (Tar:7)
  the Serpent of Hell (Coc:7)
  Dispater (Dis:7)
  2 ancient liches
  Khufu (Crypt:1)
  A juggernaut (Depths:3)
  The ghost of Opsunoh the Demon Slayer, a legendary GnFi of the Shining One (Zot:3)
  3 greater mummies
  Boris (thrice) (Vaults:2 Depths:1 Tomb:1)
  Bai Suzhen (Depths:3)
  20 shard shrikes
  Margery (Depths:5)
  A curse toe (Zot:4)
  2 caustic shrikes (Depths:4)
  12 golden dragons
  Geryon (Hell)
  Jory (Crypt:1)
  Nikola (Elf:2)
  20 bone dragons
  3 electric golems
  25 Tzitzimimeh
  13 doom hounds
  11 liches
  19 Ice Fiends
  6 iron giants (Dis:7)
  13 tentacled monstrosities
  38 Brimstone Fiends
  6 Hell Sentinels
  A deep elf blademaster (Elf:2)
  An Executioner (Dis:2)
  A titan (Depths:4)
  A deep elf master archer (Elf:3)
  6 quicksilver dragons
  2 krakens (Shoals:3)
  28 acid blobs
  10 sphinxes
  6 ancient champions
  28 shadow dragons
  8 death cobs
  A tentacled starspawn (Abyss:4)
  Roxanne (D:14)
  12 storm dragons
  6 tengu reavers
  Donald (Orc:2)
  6 draconian monks
  Ilsuiw (Shoals:4)
  11 fire giants
  2 revenants (Tomb:1)
  14 frost giants
  22 azure jellies
  6 draconian scorchers
  9 vault wardens
  18 balrugs
  5 deep elf sorcerers
  5 ghost moths
  4 draconian stormcallers
  An orc warlord (Orc:2)
  4 deep elf elementalists
  3 emperor scorpions
  A curse skull (Crypt:3)
  A cacodemon (Hell)
  12 iron dragons
  3 draconian knights
  3 draconian shifters
  4 ghouls (Crypt:2)
  90 reapers
  2 draconian annihilators
  6 elemental wellsprings (Coc:7)
  23 stone giants
  17 war gargoyles
  The ghost of Sihoecuk the Grappler, a journeyman TrIE of Okawaru (Lair:4)
  7 ironheart preservers
  A spriggan defender (Depths:4)
  20 very ugly things
  4 entropy weavers
  11 green draconians
  12 vampire knights
  7 deep elf demonologists
  11 black draconians
  7 purple draconians
  5 deep elf annihilators
  A bennu (Tomb:2)
  10 white draconians
  An orange crystal statue (WizLab)
  10 spark wasps
  3 yellow draconians
  A lorocyproca (Dis:3)
  6 red draconians
  A minotaur (Gauntlet)
  An eidolon (Crypt:1)
  2 merfolk javelineers (Shoals:4)
  8 ettins
  5 deep elf death magi
  8 blizzard demons
  10 death oozes
  A crystal guardian (Vaults:3)
  14 great orbs of eyes
  11 mummy priests (Tomb:1)
  20 yaktaur captains
  9 quicksilver dragon zombies
  7 fire dragons
  2 merfolk impalers
  6 quicksilver dragon skeletons
  Erolcha (D:9)
  4 kraken zombies
  A green death (Dis:5)
  2 jiangshi (Crypt:2)
  5 hydras
  3 deep elf high priests (Elf:3)
  9 rakshasas
  4 spriggan air magi
  A juggernaut simulacrum (Depths:3)
  12 vault guards
  2 catoblepae
  17 ice dragons
  A merfolk avatar (Shoals:3)
  2 hell beasts
  2 death knights
  11 ogre magi
  2 alligator snapping turtles (Shoals:4)
  6 centaur warriors
  2 ghost crabs
  5 merfolk aquamancers
  7 deep troll shamans
  6 tengu warriors
  15 death scarabs
  23 two-headed ogres
  27 dancing weapons
  46 hell hogs
  A satyr (Shoals:3)
  2 spriggan berserkers (Depths:5)
  6 vampire magi
  13 deep troll earth magi
  11 death yaks
  An orc high priest (Orc:2)
  19 deep elf knights
  A shock serpent (shapeshifter) (Vaults:1)
  21 soul eaters
  2 thrashing horrors (Abyss:4)
  10 storm dragon zombies
  18 sun demons
  13 titan zombies
  Sonja (Lair:3)
  4 iron golems
  11 titan skeletons
  A sixfirhy (Hell)
  112 hell knights
  A spectral death yak (Gauntlet)
  2 iron trolls (Depths:3)
  A salamander mystic (Depths:3)
  165 skeletal warriors
  A death drake (Tar:7)
  7 storm dragon skeletons
  19 shadow wraiths
  A swamp dragon (shapeshifter) (Depths:1)
  7 golden dragon zombies
  A gelid demonspawn (Depths:3)
  8 sea snakes
  18 shadow demons
  27 deep trolls
  12 shadow dragon zombies
  3 unseen horrors
  3 ghost moth zombies
  4 glowing orange brains
  10 wizards
  21 orc knights
  7 golden dragon skeletons
  16 anaconda zombies
  20 flayed ghosts
  16 deep elf archers
  13 phantasmal warriors
  A lindwurm (Lair:6)
  13 ironbrand convokers
  9 orb spiders
  17 harpies
  33 necromancers
  7 wolf spider zombies
  A harpy (shapeshifter) (Depths:2)
  15 anaconda skeletons
  14 iron dragon zombies
  A sphinx zombie (Vaults:4)
  21 ugly things
  7 manticores
  3 tengu zombies
  3 tengu skeletons
  27 wolf spiders
  2 salamanders (Depths:3)
  5 shadow dragon skeletons
  18 fire giant zombies
  16 stone giant zombies
  9 cyclopes
  7 shining eyes
  10 orc sorcerers
  69 deep elf magi
  13 frost giant zombies
  13 fauns
  5 iron dragon skeletons
  21 moths of wrath
  5 shock serpent zombies
  10 frost giant skeletons
  7 fire giant skeletons
  8 merfolk sirens
  Maurice (D:13)
  7 stone giant skeletons
  4 spiny frogs
  A water nymph (shapeshifter) (Depths:3)
  7 dire elephant zombies
  2 large abominations (Abyss:4)
  3 water nymphs
  12 vault sentinels
  A moth of wrath (shapeshifter) (Vaults:1)
  A black draconian zombie (Dis:7)
  An orange demon (Depths:3)
  12 smoke demons
  6 black mambas
  13 molten gargoyles
  10 gargoyles
  An alligator snapping turtle zombie (Crypt:1)
  A catoblepas zombie (Geh:3)
  A storm dragon simulacrum (Vaults:3)
  53 rust devils
  An ice statue (Elf:3)
  A shock serpent skeleton (Geh:6)
  A red draconian zombie (Tar:6)
  A spiny frog (shapeshifter) (Vaults:4)
  A sea snake zombie (Crypt:1)
  An eye of devastation (Slime:5)
  4 torpor snails
  8 dire elephant skeletons
  13 demonic crawlers
  2 minotaur zombies
  3 rime drakes (Lair:6)
  7 emperor scorpion zombies
  A white draconian zombie (Geh:6)
  2 rime drakes (shapeshifter)
  39 freezing wraiths
  12 komodo dragons
  2 kobold demonologists
  2 komodo dragons (shapeshifter)
  29 ice devils
  50 hellions
  5 human zombies
  13 efreet
  2 catoblepas skeletons
  A green draconian skeleton (Geh:1)
  56 tormentors
  An entropy weaver simulacrum (Vaults:2)
  66 yaktaurs
  3 silent spectres
  A white draconian skeleton (Tar:6)
  36 red devils
  14 guardian mummies
  2 ancient zymes (Abyss:4)
  6 harpy zombies
  3 tengu conjurers
  23 hydra zombies
  31 jumping spiders
  A polar bear (Lair:6)
  8 trolls
  6 meliai
  A meliai (shapeshifter) (Vaults:2)
  A shadow dragon simulacrum (Tar:5)
  9 alligator zombies
  A polar bear (shapeshifter) (Vaults:3)
  20 merfolk
  A sphinx simulacrum (Depths:3)
  12 hornets
  7 dream sheep (Lair:6)
  A wind drake (shapeshifter) (Abyss:4)
  5 harpy skeletons
  81 slime creatures
  A raiju (Abyss:4)
  A stone giant simulacrum (Vaults:3)
  5 wind drakes
  A death drake skeleton (Crypt:1)
  A hornet (shapeshifter) (Depths:1)
  A spectral dream sheep (Gauntlet)
  A hippogriff (shapeshifter) (Vaults:3)
  10 hippogriffs
  A bog body (Crypt:2)
  2 spriggan zombies
  14 ettin zombies
  5 fire dragon zombies
  15 hydra skeletons
  237 flying skulls
  9 snapping turtles
  13 ice dragon zombies
  13 blink frogs
  A deep troll zombie (D:15)
  A meliai zombie (Crypt:2)
  8 air elementals
  7 ice dragon skeletons
  A shock serpent simulacrum (Coc:6)
  Sigmund (D:3)
  4 alligator skeletons
  2 ynoxinuls (Abyss:4)
  3 black mamba zombies
  7 ettin skeletons
  An ushabti (Crypt:3)
  43 shadows
  35 tarantellas
  22 water elementals
  71 redbacks
  2 tarantellas (shapeshifter)
  32 fire elementals
  3 black mamba skeletons
  9 fire dragon skeletons
  68 yaks
  A human (shapeshifter) (Depths:2)
  4 wyverns
  45 wraiths
  6 fire bats
  11 golden eyes
  15 hungry ghosts
  10 vampire mosquitoes (D:14)
  4 basilisks
  2 steam dragons (Lair:6)
  A neqoxec (Abyss:4)
  A merfolk zombie (Geh:6)
  17 water moccasins
  A spatial vortex (Abyss:4)
  18 spiny frog zombies
  12 wargs
  98 hell hounds
  4 acid dragons
  An infernal demonspawn skeleton (Crypt:2)
  A merfolk skeleton (Coc:7)
  A hydra simulacrum (Coc:7)
  10 porcupines
  10 ice beasts
  40 orc warriors
  2 small abominations (Abyss:4)
  A black bear (shapeshifter) (Vaults:1)
  2 sky beasts
  3 black bears
  7 eyes of draining
  4 spiny frog skeletons
  6 swamp dragon zombies
  4 ettin simulacra
  An ice dragon simulacrum (Coc:6)
  36 necrophages
  36 ogres
  A spectral torpor snail (Gauntlet)
  10 snapping turtle zombies
  2 starcursed masses (Abyss:4)
  A boggart (shapeshifter) (Vaults:2)
  A wolf (D:9)
  A manticore zombie (Coc:7)
  2 elf zombies
  3 boggarts (Depths:4)
  9 phantoms
  23 centaurs
  8 snapping turtle skeletons
  4 manticore skeletons
  2 swamp dragon skeletons
  15 crocodiles
  3 human skeletons
  2 big kobolds
  4 gnoll sergeants (D:9)
  17 bullfrogs
  2 earth elementals
  A salamander skeleton (Crypt:1)
  A cyclops zombie (Crypt:2)
  2 spiny frog simulacra
  A komodo dragon skeleton (Crypt:1)
  A water moccasin zombie (D:5)
  A glowing shapeshifter simulacrum (Vaults:3)
  9 scorpions
  8 killer bees (D:9)
  2 troll zombies
  95 wights
  A swamp dragon simulacrum (Coc:4)
  An elf simulacrum (Vaults:1)
  2 spriggan skeletons
  A troll skeleton (Geh:6)
  A snapping turtle simulacrum (Tar:3)
  5 electric eels
  18 crimson imps
  3 howler monkeys
  2 gnoll shamans (D:9)
  5 lava snakes (Lair:6)
  A quasit (D:13)
  A basilisk zombie (Crypt:2)
  5 centaur zombies
  5 jellies
  27 orc priests
  11 hounds
  34 orc wizards
  3 bullfrog skeletons
  5 centaur skeletons
  27 iron imps
  A demonspawn skeleton (Crypt:1)
  Ijyb (D:5)
  3 iguanas
  3 worker ants
  A naga zombie (Dis:3)
  An ogre zombie (Tar:5)
  A naga skeleton (Tar:7)
  A hound skeleton (D:10)
  35 mummies
  34 gnolls
  7 adders
  20 shadow imps
  12 white imps
  2 oozes
  2 adder zombies
  A lava snake skeleton (Crypt:2)
  A barachi skeleton (Crypt:1)
  4 dart slugs
  5 leopard geckos
  103 orcs
  A ball python (D:7)
  3 bats
  2 giant cockroaches
  8 goblins
  4 hobgoblins
  15 jackals
  19 kobolds
  3 quokkas
  4 frilled lizards
  A giant cockroach zombie (D:5)
  A kobold zombie (Geh:1)
  An orc zombie (Geh:6)
  16 rats
  6 bushes (Shoals:2)
  A crawling corpse (Elf:3)
  4 fungi
  4 plants
  16 tentacles
  A withered plant (D:15)
4593 creatures vanquished.

Vanquished Creatures (collateral kills)
  A greater mummy (Tomb:1)
  Saint Roka (Orc:2)
  A caustic shrike (Depths:4)
  An iron giant (Dis:7)
  A Tzitzimitl (Tar:7)
  An Ice Fiend (Coc:7)
  A doom hound (Tar:7)
  A Hell Sentinel (Dis:7)
  2 deep elf master archers (Elf:3)
  A quicksilver dragon (Dis:7)
  2 acid blobs (Slime:5)
  The ghost of Iptid the Severer, an adept MiBe of Trog (Elf:2)
  A shadow dragon (Depths:4)
  3 deep elf sorcerers (Elf:3)
  2 vault wardens (Vaults:2)
  3 deep elf elementalists (Elf:3)
  An ironheart preserver (Vaults:2)
  An orc warlord (Elf:2)
  A reaper (Tar:7)
  4 deep elf annihilators (Elf:3)
  An ettin (Vaults:2)
  2 blizzard demons (Coc:7)
  A jiangshi (Vaults:2)
  A merfolk javelineer (Shoals:4)
  A merfolk impaler (Shoals:4)
  A quicksilver dragon zombie (Dis:7)
  A yaktaur captain (Vaults:3)
  4 deep elf high priests (Elf:3)
  A mummy priest (Tomb:1)
  A quicksilver dragon skeleton (Coc:7)
  3 ice dragons
  A merfolk aquamancer (Shoals:4)
  A two-headed ogre (Vaults:2)
  A satyr (Shoals:4)
  3 dancing weapons (Elf:2)
  A death scarab (Tomb:1)
  A deep troll earth mage (Depths:4)
  3 deep elf knights (Elf:2)
  An iron golem (Dis:7)
  6 hell knights (Dis:7)
  3 deep trolls (Depths:4)
  2 phantasmal warriors
  A kraken simulacrum (Shoals:4)
  2 ironbrand convokers (Vaults:2)
  4 orc knights
  2 orc sorcerers (Orc:2)
  3 orb spiders (Spider:4)
  5 deep elf magi
  A wolf spider (Spider:4)
  A manticore (Shoals:4)
  2 vault sentinels (Vaults:2)
  5 yaktaurs
  A hellion (Geh:6)
  2 freezing wraiths
  A guardian mummy (Tomb:1)
  A merfolk (Shoals:4)
  A hydra skeleton (Tar:7)
  5 slime creatures
  4 redbacks (Spider:4)
  A tarantella (Spider:4)
  A flying skull (Tomb:2)
  An acid dragon (Vaults:2)
  6 orc warriors (Orc:2)
  Blork the orc (Orc:2)
  A gnoll sergeant (D:9)
  2 earth elementals (Elf:3)
  3 wights (Tar:7)
  2 orc wizards (Orc:2)
  An orc priest (Orc:2)
  An orc (Orc:2)
  A crawling corpse (Elf:3)
  A tentacle (Shoals:4)
133 creatures vanquished.

Vanquished Creatures (others)
  An ancient lich (Crypt:3)
  A draconian monk (Zot:2)
  A draconian shifter (Zot:2)
  An elemental wellspring (Coc:7)
  A two-headed ogre (Depths:2)
  A hell hog (Geh:6)
  A hell knight (Crypt:3)
  A deep elf mage (Elf:2)
  A wolf spider (Spider:3)
  A hellion (Geh:7)
  An ettin zombie (Geh:7)
  3 flying skulls
  A fire elemental (Geh:6)
  A snapping turtle skeleton (Geh:6)
  A wight (Tar:3)
  An ogre skeleton (Geh:3)
  A white imp (Coc:5)
  An orc skeleton (Geh:1)
  2 fungi (Lair:6)
  6 plants
  2 starspawn tentacles (Abyss:4)
  20 tentacles
50 creatures vanquished.

Grand Total: 4776 creatures vanquished

Notes
Turn   | Place    | Note
-------+----------+-------------------------------------------
     0 | D:1      | Erymatos the Minotaur Berserker began the quest for the
                  | Orb.
     0 | D:1      | Reached XP level 1. HP: 19/19 MP: 0/0
   134 | D:1      | Reached XP level 2. HP: 27/27 MP: 1/1
   593 | D:1      | Reached ** piety under Trog
   677 | D:1      | Reached XP level 3. HP: 26/33 MP: 2/2
  1324 | D:2      | Found a shimmering blue altar of Sif Muna.
  1324 | D:2      | Found a sacrificial altar of Ru.
  1325 | D:2      | Found a stormy altar of Qazlal.
  1327 | D:2      | Found a hazy altar of Hepliaklqana.
  1504 | D:2      | Found an ancient bone altar of Kikubaaqudgha.
  1615 | D:2      | Found an ornate altar of the Wu Jian Council.
  1886 | D:3      | Noticed Sigmund
  1891 | D:3      | Killed Sigmund
  1891 | D:3      | Reached XP level 4. HP: 41/41 MP: 3/3
  1891 | D:3      | Reached XP level 5. HP: 47/47 MP: 4/4
  2602 | D:4      | Reached skill level 5 in Fighting
  2602 | D:4      | Reached XP level 6. HP: 53/56 MP: 3/5
  3092 | D:4      | Reached XP level 7. HP: 61/61 MP: 6/6
  3702 | D:5      | Entered Level 5 of the Dungeon
  3702 | D:5      | Found an ornate altar of the Wu Jian Council.
  3722 | D:5      | Reached *** piety under Trog
  3870 | D:5      | Noticed Ijyb
  3877 | D:5      | Killed Ijyb
  4278 | D:6      | Reached skill level 5 in Dodging
  4297 | D:6      | Reached XP level 8. HP: 65/70 MP: 5/7
  4671 | D:6      | Reached skill level 10 in Axes
  4868 | D:6      | Found an ancient bone altar of Kikubaaqudgha.
  4881 | D:6      | Reached skill level 5 in Armour
  5234 | D:7      | Reached XP level 9. HP: 79/79 MP: 8/8
  5260 | D:7      | Reached **** piety under Trog
  5260 | D:7      | Reached skill level 1 in Shields
  5316 | D:7      | Found a staircase to the Ecumenical Temple.
  6470 | D:8      | Noticed a two-headed ogre
  6476 | D:8      | Killed a two-headed ogre
  6484 | D:8      | Noticed a two-headed ogre
  6492 | D:8      | Killed a two-headed ogre
  6492 | D:8      | Reached XP level 10. HP: 51/90 MP: 4/9
  7198 | D:8      | Found a burning altar of Makhleb.
  7706 | D:9      | Noticed Erolcha
  7711 | D:9      | Killed Erolcha
  7747 | D:9      | Reached skill level 5 in Shields
  8044 | D:9      | Found Myrch's General Store.
  8063 | D:9      | Bought a potion of curing for 48 gold pieces
  8063 | D:9      | Bought a scroll of remove curse for 48 gold pieces
  8294 | D:9      | Got an ichor-stained hand axe
  8295 | D:9      | Identified the +2 hand axe of Weoz {protect, SInv} (You
                  | found it on level 9 of the Dungeon)
  8672 | D:9      | Found a white marble altar of Elyvilon.
  8723 | D:9      | Found a basalt altar of Yredelemnul.
  8767 | D:9      | Reached ***** piety under Trog
  8967 | D:9      | Reached XP level 11. HP: 94/99 MP: 10/10
  9100 | D:9      | Reached skill level 10 in Fighting
  9121 | D:9      | Found a snail-covered altar of Cheibriados.
  9448 | D:10     | Entered Level 10 of the Dungeon
  9476 | D:10     | Received a gift from Trog
 10607 | D:11     | Noticed an unseen horror
 10614 | D:11     | Killed an unseen horror
 11163 | D:11     | Noticed a purple ugly thing
 11173 | D:11     | Killed a purple ugly thing
 11538 | D:11     | Found a staircase to the Lair.
 12050 | D:12     | Found a flagged portal.
 12361 | D:12     | Reached skill level 10 in Armour
 12361 | D:12     | Reached XP level 12. HP: 110/110 MP: 11/11
 12380 | D:12     | Found Beham's Weapon Shop.
 12389 | D:12     | Found a staircase to the Orcish Mines.
 12515 | D:12     | Found Ukaul's Armour Shop.
 12830 | D:13     | Reached skill level 15 in Axes
 12973 | D:13     | Noticed a five-headed hydra
 13183 | D:13     | Noticed Maurice
 13193 | D:13     | Killed Maurice
 13560 | D:13     | Killed a three-headed hydra
 13560 | D:13     | Received a gift from Trog
 13560 | D:13     | Reached skill level 10 in Shields
 13702 | D:13     | Got a transparent battleaxe {god gift}
 13703 | D:13     | Identified the +1 battleaxe of a bazaar {flame, rF++ Str+2}
                  | (Trog gifted it to you on level 13 of the Dungeon)
 14199 | D:12     | Bought the cursed +3 war axe of Conscience {protect, rC+
                  | MR+} for 644 gold pieces
 14647 | D:14     | Found a gate to the Vaults.
 14647 | D:14     | Noticed a vault guard
 14647 | D:14     | Noticed a vault guard
 14647 | D:14     | Noticed a vault guard
 14647 | D:14     | Noticed a vault guard
 14649 | D:14     | Noticed a vault guard
 14657 | D:14     | Reached XP level 13. HP: 119/119 MP: 12/12
 15378 | D:14     | Identified Roxanne's Volume of the Mountains
 15378 | D:14     | Noticed Roxanne
 15686 | D:14     | Received a gift from Trog
 16284 | D:14     | Killed Roxanne
 16428 | D:15     | Entered Level 15 of the Dungeon
 16429 | D:15     | Found a staircase to the Depths.
 16953 | D:15     | Got a vibrating bronze ring
 17277 | D:15     | Identified the ring of Intercession {rC+ MR- Dex+9} (You
                  | found it on level 15 of the Dungeon)
 17353 | D:15     | Reached XP level 14. HP: 129/132 MP: 11/13
 17761 | Lair:1   | Entered Level 1 of the Lair of Beasts
 17784 | Lair:1   | You fall into a shaft and drop 1 floor!
 18324 | Lair:2   | Found an iron altar of Okawaru.
 18648 | Lair:2   | Got a fine silver ring
 18660 | Lair:2   | Found a hole to the Spider Nest.
 19075 | Lair:3   | Found a staircase to the Shoals.
 19120 | Lair:3   | Noticed Sonja
 19191 | Lair:3   | Killed Sonja
 19378 | Lair:3   | Found a sparkling altar of Nemelex Xobeh.
 19860 | Lair:3   | Identified the ring of Miufrosin {Wiz rElec Int+3} (You
                  | found it on level 2 of the Lair of Beasts)
 19906 | Lair:4   | Found a runed translucent door.
 19908 | Lair:4   | Found a shimmering altar of Xom.
 19908 | Lair:4   | Noticed Sihoecuk's ghost (journeyman TrIE)
 20081 | Lair:4   | Reached skill level 15 in Fighting
 21240 | Lair:4   | Cast into level 4 of the Abyss (+1 quarterstaff of chaos)
 21304 | Abyss:4  | Noticed a tentacled starspawn
 21308 | Abyss:4  | Killed a tentacled starspawn
 21329 | Abyss:4  | Noticed a starcursed mass
 21429 | Abyss:4  | Noticed a starcursed mass
 21456 | Abyss:4  | Noticed a reaper
 21461 | Lair:4   | Escaped the Abyss
 21478 | Lair:4   | Killed Sihoecuk's ghost
 21478 | Lair:4   | Reached XP level 15. HP: 57/143 MP: 8/14
 22106 | Lair:5   | Found a staircase to the Slime Pits.
 22107 | Lair:5   | Found a viscous altar of Jiyva.
 22213 | Lair:5   | Found a gate leading to a gauntlet.
 22270 | Gauntlet | Entered a Gauntlet
 22270 | Gauntlet | Found a transporter.
 22270 | Gauntlet | Found a transporter.
 22270 | Gauntlet | Found a transporter.
 22271 | Gauntlet | Found a transporter.
 22274 | Gauntlet | Found a transporter.
 22274 | Gauntlet | Found a transporter.
 22315 | Gauntlet | Found a transporter.
 22319 | Gauntlet | Found a transporter.
 22334 | Gauntlet | Found a transporter.
 22561 | Gauntlet | Found a transporter.
 22563 | Gauntlet | Found a transporter.
 22575 | Gauntlet | Found a transporter.
 23453 | Gauntlet | Got a scorched platinum ring
 23455 | Gauntlet | Identified the ring of Lyse {rElec rPois MP+9 Int+7 Dex-2}
                  | (You found it in a Gauntlet)
 23481 | Gauntlet | Identified the amulet of the Median {Faith rElec rN+}
 23521 | Gauntlet | Got a pair of scorched gloves
 23521 | Gauntlet | Got a wavering jade ring
 23523 | Gauntlet | Identified the ring of the Peasants {rC- MR+ MP+9 Int+2
                  | Dex+6} (You found it in a Gauntlet)
 23534 | Gauntlet | Identified the cursed +0 pair of gloves "Metse" {*Slow rF++
                  | Str+5} (You found it in a Gauntlet)
 24116 | Lair:6   | Entered Level 6 of the Lair of Beasts
 24861 | Lair:6   | Received a gift from Trog
 25104 | Lair:6   | Found a large runed translucent door.
 25107 | Lair:6   | Found a large runed translucent door.
 26285 | Spider:1 | Entered Level 1 of the Spider Nest
 27460 | Spider:1 | Reached XP level 16. HP: 148/152 MP: 15/15
 28115 | Spider:2 | Reached skill level 15 in Armour
 29881 | Spider:3 | Reached ****** piety under Trog
 30151 | Spider:3 | Reached skill level 15 in Shields
 30324 | Spider:3 | Received a gift from Trog
 30907 | Spider:4 | Entered Level 4 of the Spider Nest
 31965 | Spider:4 | Reached XP level 17. HP: 131/163 MP: 1/16
 31979 | Spider:4 | Got a gossamer rune of Zot
 32282 | Orc:1    | Entered Level 1 of the Orcish Mines
 32290 | Orc:1    | Found a shimmering altar of Xom.
 32405 | Orc:1    | Received a gift from Trog
 32681 | Orc:1    | Found Laprewk's Magic Scroll Shoppe.
 32696 | Orc:1    | Bought a scroll of fog for 32 gold pieces
 32696 | Orc:1    | Bought a scroll of fear for 56 gold pieces
 32696 | Orc:1    | Bought a scroll of identify for 32 gold pieces
 33071 | Orc:2    | Entered Level 2 of the Orcish Mines
 33268 | Orc:2    | Found a staircase to the Elven Halls.
 33387 | Orc:2    | Noticed Blork the orc
 33395 | Orc:2    | Found a roughly hewn altar of Beogh.
 33396 | Orc:2    | Killed Blork the orc
 33414 | Orc:2    | Noticed Saint Roka
 33425 | Orc:2    | Found Vassiu's Antique Armour Boutique.
 33431 | Orc:2    | Killed Saint Roka
 33436 | Orc:2    | Found Rausyff's General Store.
 33748 | Orc:2    | Noticed Donald
 33758 | Orc:2    | Killed Donald
 33910 | Orc:2    | Found Wajiriru's Antique Armour Emporium.
 33918 | Orc:2    | Bought a pair of runed boots for 187 gold pieces
 33928 | Orc:2    | Identified a +1 pair of boots of running (You bought it in
                  | a shop on level 2 of the Orcish Mines)
 33953 | Orc:2    | Found Cappajaa's Antique Weapon Boutique.
 33968 | Orc:2    | Found Gomyes's Jewellery Boutique.
 34592 | Shoals:1 | Entered Level 1 of the Shoals
 34736 | Shoals:1 | Received a gift from Trog
 36501 | Shoals:3 | Noticed a kraken
 36516 | Shoals:3 | Killed a kraken
 37089 | Shoals:3 | Noticed a kraken
 37112 | Shoals:3 | Killed a kraken
 37508 | Shoals:4 | Entered Level 4 of the Shoals
 37521 | Shoals:4 | Received a gift from Trog
 37708 | Shoals:4 | Got a polished great sword {god gift}
 37722 | Shoals:4 | Identified the +10 great sword of Dishonour {vorpal,
                  | *Corrode +Rage rElec SInv Stlth+} (Trog gifted it to you on
                  | level 4 of the Shoals)
 38278 | Shoals:4 | Found Ucvub's Antique Armour Shoppe.
 38657 | Shoals:4 | Noticed Ilsuiw
 38675 | Shoals:4 | Killed Ilsuiw
 38675 | Shoals:4 | Reached XP level 18. HP: 174/174 MP: 17/17
 38893 | Shoals:4 | Got a barnacled rune of Zot
 39404 | Vaults:1 | Entered Level 1 of the Vaults
 39956 | Vaults:1 | Received a gift from Trog
 40798 | Vaults:1 | Gained mutation: You are clumsy. (Dex -2) [a shining eye]
 41362 | Shoals:4 | Bought pitted gold dragon scales for 2125 gold pieces
 41372 | Shoals:4 | Identified the +1 gold dragon scales "Unnaeta" {rPois rF+
                  | rC+ Int+3} (You bought it in a shop on level 4 of the
                  | Shoals)
 42054 | Vaults:2 | Noticed Boris
 42072 | Vaults:2 | Killed Boris
 42076 | Vaults:2 | Received a gift from Trog
 42092 | Vaults:2 | Found a staircase to the Crypt.
 42097 | Vaults:2 | Identified the +8 arbalest "Jezuon" {venom, rF+ MR+}
 42395 | Vaults:2 | Reached XP level 19. HP: 139/185 MP: 18/18
 42537 | Vaults:2 | Received a gift from Trog
 42809 | Vaults:2 | Found Umaclun's Antique Weapon Emporium.
 43667 | Vaults:3 | Received a gift from Trog
 44860 | Vaults:3 | Received a gift from Trog
 45479 | Vaults:3 | Reached XP level 20. HP: 198/198 MP: 19/19
 45729 | Vaults:3 | Found Laqof's General Store.
 45737 | Vaults:3 | Bought a potion of might for 76 gold pieces
 46271 | Vaults:4 | Received a gift from Trog
 46384 | Vaults:4 | Found a bloodstained altar of Trog.
 47780 | Elf:1    | Entered Level 1 of the Elven Halls
 48479 | Elf:1    | Received a gift from Trog
 48542 | Elf:1    | You fall into a shaft and drop 1 floor!
 48580 | Elf:2    | Noticed Nikola
 48600 | Elf:2    | Killed Nikola
 48604 | Elf:2    | Found a runed translucent gate.
 48604 | Elf:2    | Found a runed translucent gate.
 48604 | Elf:2    | Found an iron altar of Okawaru.
 48604 | Elf:2    | Found a runed translucent gate.
 48604 | Elf:2    | Noticed Iptid's ghost (adept MiBe)
 48824 | Elf:2    | Found a huge runed translucent gate.
 48824 | Elf:2    | Found a huge runed translucent gate.
 48825 | Elf:2    | Found a huge runed translucent gate.
 48826 | Elf:2    | Found a huge runed translucent gate.
 48835 | Elf:2    | Found a huge runed translucent gate.
 49032 | Elf:2    | Found Gieran's Weapon Shop.
 49598 | Elf:2    | Killed Iptid's ghost
 50030 | Elf:2    | Received a gift from Trog
 50334 | Elf:2    | Reached XP level 21. HP: 209/209 MP: 20/20
 50576 | Elf:1    | Received a gift from Trog
 50994 | Elf:3    | Entered Level 3 of the Elven Halls
 51462 | Elf:3    | Identified the cursed ring "Donuisk" {rPois rN+ Int-3
                  | Dex-4}
 51502 | Elf:3    | Identified the amulet of Jaokicakh {Reflect rN+ Str+4 SH+5}
 51509 | Elf:3    | Identified the ring "Pugodwel" {*Corrode rF+ Int+3 Dex+5}
 51513 | Elf:3    | Identified a scroll of acquirement
 51522 | Elf:3    | Received a gift from Trog
 51545 | Elf:3    | Identified the +9 hand axe of Internal Strife {elec,
                  | *Corrode rC+ Str+3 Dex+2}
 51826 | Elf:3    | Identified the Catalogue of Spatial Malediction
 51885 | Elf:3    | Identified Sif Muna's Disquisition on Toxic Ice
 51968 | Elf:2    | Got a shimmering war axe {god gift}
 52982 | Elf:3    | Identified the +4 war axe of Asapnea {flame, rF++} (Trog
                  | gifted it to you on level 2 of the Elven Halls)
 53072 | Orc:2    | Bought an uncursed ring of resist corrosion for 320 gold
                  | pieces
 53097 | Orc:2    | Bought a warped leather armour for 175 gold pieces
 53107 | Orc:2    | Identified the +3 leather armour of Xunul {Dex+2} (You
                  | bought it in a shop on level 2 of the Orcish Mines)
 53296 | Crypt:1  | Entered Level 1 of the Crypt
 53448 | Crypt:1  | Acquired the +8 mithril axe "Arga" {speed, MR+}
 53449 | Crypt:1  | Found the +8 mithril axe "Arga" {speed, MR+}
 53629 | Crypt:1  | Noticed Jory
 53648 | Crypt:1  | Killed Jory
 54016 | Crypt:1  | Noticed a greater mummy
 54017 | Crypt:1  | Noticed a greater mummy
 54019 | Crypt:1  | Found a magical portal.
 54028 | WizLab   | Entered Wucad Mu's Monastery
 54312 | WizLab   | Found the +9 staff of Wucad Mu {channel}
 54699 | Crypt:1  | Killed a greater mummy
 54706 | Crypt:1  | Killed a greater mummy
 55121 | Crypt:1  | Noticed Khufu
 55140 | Crypt:1  | Killed Khufu
 56503 | Crypt:3  | Entered Level 3 of the Crypt
 56509 | Crypt:3  | Reached XP level 22. HP: 223/223 MP: 21/21
 56740 | Crypt:3  | Got a flickering platinum ring
 56742 | Crypt:3  | Identified the ring "Umun" {rPois SInv} (You found it on
                  | level 3 of the Crypt)
 56955 | Crypt:3  | Reached XP level 23. HP: 234/234 MP: 22/22
 57696 | Crypt:3  | Found an ancient bone altar of Kikubaaqudgha.
 57698 | Crypt:3  | Noticed an ancient lich
 57705 | Crypt:3  | Killed an ancient lich
 57756 | Crypt:3  | Noticed an ancient lich
 57773 | Crypt:3  | Killed an ancient lich
 58235 | Crypt:3  | Paralysed by a sphinx for 2 turns
 58581 | Crypt:3  | Found a staircase to the Tomb.
 59314 | Lair:3   | Paralysed by fainting for 11 turns
 59329 | Shoals:1 | Paralysed by fainting for 7 turns
 59397 | Slime:1  | Entered Level 1 of the Pits of Slime
 59692 | Slime:1  | Gained mutation: You tend to lose your temper in combat. [a
                  | shining eye]
 60274 | Slime:2  | Gained mutation: Your magical capacity is low. (-10% MP) [a
                  | shining eye]
 60278 | Slime:2  | Gained mutation: Armour fits poorly on your strangely
                  | shaped body. [a shining eye]
 60280 | Slime:2  | Gained mutation: Your magical capacity is very low. (-20%
                  | MP) [a shining eye]
 60283 | Slime:2  | Gained mutation: Your body sometimes deteriorates upon
                  | taking damage. [a shining eye]
 60571 | Slime:3  | Gained mutation: You are partially covered in slimy green
                  | scales. (AC +2) [a shining eye]
 60927 | Slime:3  | Gained mutation: Your spells are a little easier to cast,
                  | but a little less powerful. [a shining eye]
 60930 | Slime:3  | Gained mutation: Your body often deteriorates upon taking
                  | damage. [a shining eye]
 61040 | Slime:3  | Gained mutation: You are dopey. (Int -2) [a shining eye]
 61160 | Slime:3  | Received a gift from Trog
 61846 | Slime:4  | Gained mutation: You are frail. (-10% HP) [a shining eye]
 61932 | Slime:4  | Found a viscous altar of Jiyva.
 62591 | Slime:5  | Entered Level 5 of the Pits of Slime
 62844 | Slime:5  | Reached XP level 24. HP: 82/219 MP: 17/17
 62870 | Slime:4  | HP: 11/220 [acid blob (21)]
 63840 | Slime:5  | Noticed the Royal Jelly
 64059 | Slime:5  | Killed the Royal Jelly
 64394 | Slime:5  | Got a masterwork spear
 64395 | Slime:5  | Identified the +7 spear of the Hand {venom, rF+ Int+5} (You
                  | found it on level 5 of the Pits of Slime)
 64503 | Slime:5  | Got a clouded lapis lazuli ring
 64504 | Slime:5  | Identified the ring of Day {Ice +Inv} (You found it on
                  | level 5 of the Pits of Slime)
 64536 | Slime:5  | Got a slimy rune of Zot
 64548 | Slime:5  | Acquired the +2 hat of the Bear Spirit {Spirit, +Rage rN+
                  | MR++}
 64549 | Slime:5  | Found the +2 hat of the Bear Spirit {Spirit, +Rage rN+
                  | MR++}
 64679 | Slime:5  | Lost mutation: You are dopey. (Int -2) [potion of mutation]
 64679 | Slime:5  | Lost mutation: Armour fits poorly on your strangely shaped
                  | body. [potion of mutation]
 64679 | Slime:5  | Lost mutation: You tend to lose your temper in combat.
                  | [potion of mutation]
 64679 | Slime:5  | Gained mutation: You passively map a small area around you.
                  | [potion of mutation]
 64680 | Slime:5  | Lost mutation: You passively map a small area around you.
                  | [potion of mutation]
 64680 | Slime:5  | Lost mutation: You are frail. (-10% HP) [potion of
                  | mutation]
 64680 | Slime:5  | Lost mutation: Your magical capacity is very low. (-20% MP)
                  | [potion of mutation]
 64680 | Slime:5  | Lost mutation: You are clumsy. (Dex -2) [potion of
                  | mutation]
 64680 | Slime:5  | Gained mutation: You have a pair of large horns on your
                  | head. [potion of mutation]
 64680 | Slime:5  | Gained mutation: You can translocate small distances at
                  | will. [potion of mutation]
 64965 | Depths:1 | Entered Level 1 of the Depths
 65235 | Depths:1 | Found a shattered altar of Ashenzari.
 65257 | Depths:1 | Found a one-way gate to the infinite horrors of the Abyss.
 65277 | Depths:1 | Noticed Boris
 65296 | Depths:1 | Killed Boris
 65296 | Depths:1 | Reached skill level 1 in Polearms
 65613 | Depths:1 | Found a gateway to a ziggurat.
 65627 | Depths:1 | Found a gateway to Hell.
 65731 | Depths:1 | Found Voanuz's Elemental Accessories.
 66632 | Depths:2 | Paralysed by a great orb of eyes for 2 turns
 67881 | Depths:3 | Noticed Bai Suzhen
 67893 | Depths:3 | Killed Bai Suzhen
 68195 | Depths:3 | Received a gift from Trog
 68333 | Depths:3 | Found a one-way gate leading to the halls of Pandemonium.
 68455 | Depths:3 | Reached skill level 10 in Dodging
 68480 | Depths:3 | Reached XP level 25. HP: 252/252 MP: 19/19
 68639 | Depths:3 | Reached skill level 1 in Maces & Flails
 69338 | Depths:3 | Noticed a juggernaut
 69344 | Depths:3 | Killed a juggernaut
 69374 | Depths:3 | Got a smelly plate armour
 69385 | Depths:3 | Identified the +8 plate armour "Ugarocol" {MR- Str+4} (You
                  | found it on level 3 of the Depths)
 69583 | Depths:4 | Paralysed by a great orb of eyes for 6 turns
 69673 | Depths:4 | Received a gift from Trog
 69854 | Depths:4 | Reached skill level 15 in Dodging
 70069 | Depths:4 | Received a gift from Trog
 70417 | Depths:4 | Reached XP level 26. HP: 260/260 MP: 19/19
 70468 | Depths:4 | Found a corrupted altar of Lugonu.
 70529 | Depths:4 | Found a flickering gateway to a bazaar.
 70851 | Depths:5 | Entered Level 5 of the Depths
 70920 | Depths:5 | Noticed Margery
 70942 | Depths:5 | Killed Margery
 71004 | Depths:5 | Cast into level 3 of the Abyss (a lich)
 71031 | Depths:5 | Escaped the Abyss
 71127 | Depths:5 | Received a gift from Trog
 71636 | Depths:5 | Found a gate to the Realm of Zot.
 72154 | Hell     | Entered the Vestibule of Hell
 72154 | Hell     | Noticed Geryon
 72190 | Hell     | Received a gift from Trog
 72269 | Hell     | Received a gift from Trog
 72271 | Hell     | Reached XP level 27. HP: 268/268 MP: 19/19
 72286 | Hell     | Killed Geryon
 72502 | Hell     | Found a gateway to the decaying netherworld of Tartarus.
 72587 | Hell     | Found a gateway to the freezing wastes of Cocytus.
 72704 | Hell     | Found a gateway to the Iron City of Dis.
 72747 | Hell     | Found a gateway to the ashen valley of Gehenna.
 72864 | Geh:1    | Entered Level 1 of Gehenna
 73019 | Geh:1    | Received a gift from Trog
 73472 | Geh:1    | Received a gift from Trog
 74251 | Geh:2    | Received a gift from Trog
 75110 | Geh:2    | Received a gift from Trog
 75415 | Geh:3    | Received a gift from Trog
 75767 | Geh:3    | Received a gift from Trog
 76591 | Geh:4    | Received a gift from Trog
 76793 | Geh:4    | You fall into a shaft and drop 2 floors!
 76984 | Geh:6    | Reached skill level 27 in Dodging
 76999 | Geh:6    | Received a gift from Trog
 77445 | Geh:6    | Received a gift from Trog
 78475 | Geh:7    | Entered Level 7 of Gehenna
 78481 | Geh:7    | Received a gift from Trog
 78879 | Geh:7    | Received a gift from Trog
 79006 | Geh:7    | Reached skill level 27 in Axes
 79239 | Geh:7    | Reached skill level 27 in Fighting
 79293 | Geh:7    | Received a gift from Trog
 79388 | Geh:7    | Identified the +5 mace "Reil" {flame, *Drain +Fly rPois
                  | Str+6}
 79529 | Geh:7    | Identified the cursed +0 battleaxe of the Lurker {freeze,
                  | Dex+5}
 79759 | Geh:7    | Identified the ring "Qietsata" {+Fly Int+3}
 79878 | Geh:7    | Identified the cursed +1 quarterstaff of Tocowep
                  | {antimagic, rN+}
 79971 | Geh:7    | Identified the +7 sceptre of Asmodeus
 79971 | Geh:7    | Noticed Asmodeus
 79999 | Geh:7    | Killed Asmodeus
 80007 | Geh:7    | Got an obsidian rune of Zot
 80966 | Hell     | Got a scorched demon trident {god gift}
 80967 | Hell     | Identified the +10 demon trident of Feudol {flame, rF-
                  | Int+5 Dex+4} (Trog gifted it to you in the Vestibule of
                  | Hell)
 81027 | Coc:1    | Entered Level 1 of Cocytus
 81039 | Coc:1    | Reached skill level 5 in Polearms
 81057 | Coc:1    | Received a gift from Trog
 82260 | Coc:4    | Received a gift from Trog
 82691 | Coc:4    | Reached skill level 27 in Shields
 83415 | Coc:5    | Received a gift from Trog
 83459 | Coc:5    | Got an iridescent broad axe {god gift}
 83468 | Coc:5    | Identified the +3 broad axe "Saejarph" {vorpal, Dex+4}
                  | (Trog gifted it to you on level 5 of Cocytus)
 84586 | Coc:7    | Entered Level 7 of Cocytus
 84656 | Coc:7    | Received a gift from Trog
 84902 | Coc:7    | Noticed the Serpent of Hell
 85298 | Coc:7    | Killed the Serpent of Hell
 85620 | Coc:7    | Reached skill level 27 in Armour
 85680 | Coc:7    | Received a gift from Trog
 86099 | Coc:7    | Reached skill level 10 in Polearms
 86604 | Coc:7    | Noticed Antaeus
 86638 | Coc:7    | HP: 8/273 [Antaeus/flash freeze (30)]
 87155 | Coc:7    | Killed Antaeus
 87176 | Coc:7    | Got an icy rune of Zot
 87328 | Coc:7    | Reached skill level 1 in Evocations
 87698 | Dis:1    | Entered Level 1 of the Iron City of Dis
 87708 | Dis:1    | You are sucked into a shaft and drop 1 floor!
 87750 | Dis:2    | Received a gift from Trog
 88069 | Dis:2    | Reached skill level 5 in Evocations
 88712 | Dis:3    | Received a gift from Trog
 89593 | Dis:5    | Received a gift from Trog
 89833 | Dis:5    | Reached skill level 10 in Evocations
 90460 | Dis:7    | Entered Level 7 of the Iron City of Dis
 91268 | Dis:7    | Received a gift from Trog
 91892 | Dis:7    | Reached skill level 15 in Evocations
 92625 | Dis:7    | Identified the Catalogue of the Mutagenic Blaze
 92862 | Dis:7    | Got a wavering diamond amulet
 92866 | Dis:7    | Identified the amulet of Wyogoa {RegenMP Dex+4} (You found
                  | it on level 7 of the Iron City of Dis)
 92969 | Dis:7    | Identified the +4 staff of Dispater
 92969 | Dis:7    | Noticed Dispater
 93584 | Dis:7    | Received a gift from Trog
 93817 | Dis:7    | Killed Dispater
 93865 | Dis:7    | Got an iron rune of Zot
 93867 | Dis:7    | Got a scintillating ivory ring
 93869 | Dis:7    | Identified the ring of Ogeonef {*Tele +Blink rPois rF+
                  | Int-3} (You found it on level 7 of the Iron City of Dis)
 94270 | Tar:1    | Entered Level 1 of Tartarus
 95526 | Tar:3    | You are sucked into a shaft and drop 2 floors!
 96245 | Tar:6    | Received a gift from Trog
 96374 | Tar:7    | Entered Level 7 of Tartarus
 97891 | Tar:7    | Received a gift from Trog
 97935 | Tar:7    | Noticed an ancient lich
 97957 | Tar:7    | Killed an ancient lich
 98012 | Tar:7    | Got a pair of bloodstained gloves
 98610 | Tar:7    | Received a gift from Trog
 98661 | Tar:7    | Identified the cursed +0 pair of gloves of a bailey {rC+
                  | Slay+5} (You found it on level 7 of Tartarus)
 98934 | Tar:7    | Noticed Ereshkigal
 99818 | Tar:7    | Killed Ereshkigal
100265 | Tar:7    | Got a bone rune of Zot
101402 | D:9      | Bought a ration for 80 gold pieces
101402 | D:9      | Bought a ration for 80 gold pieces
101645 | Zot:1    | Entered Level 1 of the Realm of Zot
101934 | Zot:1    | Received a gift from Trog
104228 | Zot:3    | Lost mutation: Your body often deteriorates upon taking
                  | damage. [potion of mutation]
104228 | Zot:3    | Lost mutation: Your magical capacity is low. (-10% MP)
                  | [potion of mutation]
104228 | Zot:3    | Lost mutation: You have a pair of large horns on your head.
                  | [potion of mutation]
104228 | Zot:3    | Lost mutation: Your body sometimes deteriorates upon taking
                  | damage. [potion of mutation]
104228 | Zot:3    | Gained mutation: You are robust. (+10% HP) [potion of
                  | mutation]
104228 | Zot:3    | Gained mutation: You expend magic power (3 MP) to
                  | strengthen your wands. [potion of mutation]
104228 | Zot:3    | Gained mutation: Your muscles are strong. (Str +2) [potion
                  | of mutation]
104881 | Zot:3    | Found a runed translucent door.
104883 | Zot:3    | Noticed Opsunoh's ghost (legendary GnFi)
105387 | Zot:3    | Killed Opsunoh's ghost
105702 | Zot:4    | Received a gift from Trog
106188 | Zot:4    | Reached skill level 27 in Evocations
106188 | Zot:4    | Reached skill level 1 in Stealth
107039 | Tomb:1   | Entered Level 1 of the Tomb of the Ancients
107311 | Tomb:1   | Found the +10 tower shield of Ignorance {rN+ Int-4}
107340 | Tomb:1   | Reached skill level 5 in Stealth
107494 | Tomb:1   | Noticed Boris
107503 | Tomb:1   | Killed Boris
108446 | Tomb:1   | Noticed a greater mummy
108469 | Tomb:1   | Killed a greater mummy
108470 | Tomb:1   | Received a gift from Trog
108471 | Tomb:1   | Found the +14 obsidian axe {vorpal, +Fly SInv *Curse}
108474 | Tomb:1   | Noticed a greater mummy
108501 | Tomb:1   | Killed a greater mummy
108501 | Tomb:1   | Lost intelligence.
109090 | Tomb:1   | Identified the ring "Pal Wugy" {rElec AC+4}
109239 | Tomb:2   | Noticed a greater mummy
109239 | Tomb:2   | Noticed a greater mummy
109239 | Tomb:2   | Noticed a greater mummy
109239 | Tomb:2   | Noticed a greater mummy
109250 | Tomb:2   | HP: 8/299 [bennu (8)]
109250 | Tomb:2   | Killed from afar by a greater mummy

Illustrated notes

Levels and vault maps discovered:
D:1:      giann_horns, layout_basic, chequers_garden, kennysheep_another_room
D:2:      layout_rooms, old_standard_altar, kiku_gazebo_garden_becter,
          grunt_temple_overflow_open, minmay_rat_gold_closets
D:3:      layout_loops_cross, serial_forest, infiniplex_forest_straight_4,
          infiniplex_forest_clump_medium, infiniplex_forest_lined_room_,
          infiniplex_forest_lined_2, infiniplex_forest_pool, uniq_sigmund
D:4:      minmay_angry_zag, layout_loops_ring, first_ration
D:5:      layout_cave_pools, basic_altar, uniq_ijyb
D:6:      layout_gridville, basic_altar, nicolae_water_bricks
D:7:      layout_basic, minmay_temple_entry_slanted, grunt_ogre_cave
D:8:      layout_basic, david_defended_altar_orc
D:9:      layout_cave_pools, kennysheep_ying_yang, kennysheep_mini_moat,
          serial_gnoll_camp, gnoll_camp_mini_sergeant, gnoll_camp_mini_shop,
          gnoll_camp_medium_01, gnoll_camp_mini_basic, gnoll_camp_mini_doghouse,
          gnoll_camp_huts_basic, uniq_erolcha
D:10:     minmay_skewed_foursquare, layout_irregular_city
D:11:     layout_roguey, david_lair_shrubbed, minmay_misc_feat_cross,
          grunt_decor_arrowhead
D:12:     layout_gridville, orc_david_3, enter_bailey_2
D:13:     layout_long_grid, st_stairs_5, minivault_14, nooodl_orcs_dogs,
          uniq_maurice
D:14:     layout_layer_cave, erik_vaults_2, fountainhead, uniq_roxanne
D:15:     gammafunk_depths_entry_grave, layout_irregular_city, chequers_jeans
Lair:1:   layout_gridlike
Lair:2:   layout_regular_city, dummy_spider_entry, lemuel_centaur_altar
Lair:3:   layout_chaotic_city, shoals_dummy_entry, basic_altar, serial_rivers,
          chequers_serial_rivers_small_b, chequers_serial_rivers_micro_a,
          chequers_serial_rivers_room_a, chequers_serial_rivers_small_3,
          chequers_serial_rivers_micro_b, chequers_serial_rivers_micro_b,
          wad_woods_road_02, serial_bayou_shore_a, uniq_sonja
Lair:4:   beast_lair_carwin_large_4, layout_cave_pods, ebering_ghost_xom,
          infiniplex_staircase_pool_2
Lair:5:   layout_cellular_growth, slime_altar_1, gauntlet_entry_generic
Lair:6:   cheibrodos_lair_end_hotspot, layout_regular_city
Shoals:1: layout_shoals
Shoals:2: layout_shoals, yaktaur_hedge
Shoals:3: layout_shoals
Shoals:4: shoals_end_grunt_ice, layout_shoals, shoals_ilsuiw_ice, serial_shops,
          shop, overgrown_hall
Spider:1: layout_spider_delve
Spider:2: layout_chambers, drop_trap, nicolae_spider_cling_halls
Spider:3: layout_chambers, spiders_nest_the_unseen
Spider:4: spider_rune_water
Slime:1:  layout_caves
Slime:2:  layout_caves
Slime:3:  layout_caves
Slime:4:  layout_caves, basic_altar, nicolae_slime_phagocytosis
Slime:5
Orc:1:    layout_diamond_mine, basic_altar, serial_shops, nicolae_shop_crystal,
          guppyfry_library_mini
Orc:2:    grunt_orc_cross, layout_diamond_mine, serial_shops, shop, uniq_donald
Elf:1:    layout_gridlike, minmay_elf_demonology
Elf:2:    layout_onion_city, serial_shops, nicolae_shop_window_shopping,
          gammafunk_ghost_fury_of_okawaru, uniq_nikola
Elf:3:    minmay_elf_hall_not_hex, layout_geoelf_octagon,
          portal_ice_cave_entry_ice_statue_one, nicolae_elf_stone_circles
Vaults:1: nicolae_vaults_network_barrier, vaults_mumra_hexcomb,
          ontoclasm_vaults_ring_small, v_rooms_3, vaults_dpeg_cross,
          hangedman_vaults_trim, v_misc_29, st_quartered_hall,
          grunt_vaults_trifunnel, vaults_mumra_lcd, nicolae_vaults_shelves_hall,
          vaults_room_semicircle, ontoclasm_vaults_decontamination,
          ontoclasm_vaults_shuriken, layout_vaults_omnibox
Vaults:2: minmay_crypt_entry_simple_statues, nicolae_vaults_halls_meeting,
          nicolae_vaults_network_periphery,
          nicolae_vaults_windows_and_doors_thing, v_misc_8,
          nicolae_vaults_yaktaur_gun_rack, vaults_room_corners,
          vaults_mumra_chevron_long, v_rooms_1, nicolae_vaults_theta,
          vaults_dpeg_ring, nicolae_vaults_little_squares_2,
          hangedman_vaults_nodes, layout_vaults_maze, serial_shops,
          nicolae_shop_stone, uniq_boris
Vaults:3: ontoclasm_vaults_ring_small, vaults_mumra_hex,
          nicolae_vaults_fighting_squares, v_misc_18, nicolae_vaults_rhombus_6,
          nicolae_vaults_ring_of_whatevers, v_misc_5,
          vaults_standard_mumra_lines, hangedman_vaults_impose,
          ontoclasm_vaults_bender, ontoclasm_vaults_loading_screen,
          nicolae_vaults_three_branches, nicolae_vaults_asterisk,
          nicolae_vaults_asterisk, layout_vaults_big_cross, serial_shops, shop
Vaults:4: ontoclasm_vaults_twist, ontoclasm_vaults_spin,
          vaults_mumra_minichess_inversion, nicolae_vaults_hallways_thing,
          vaults_room_octagon, v_misc_9, vaults_dpeg_hooks,
          nicolae_vaults_gold_heap, layout_vaults_quadrants, basic_altar
Crypt:1:  layout_regular_city, mu_enter_wizlab_6, uniq_khufu, uniq_jory
Crypt:2:  layout_regular_city
Crypt:3:  quadcrypt_mu
Tomb:1
Tomb:2
Depths:1: layout_honeycomb, enter_ziggurat_f, serial_sigils,
          serial_sigils_hangedman_scratch, serial_sigils_hangedman_shear,
          serial_sigils_hangedman_snap, serial_sigils_hangedman_confine,
          hell_entry, chequers_serial_rivers_micro_d, abyss_entry, st_stairs_1,
          nicolae_elemental_shop, ashenzari_altar_1
Depths:2: hangedman_elemental_death_ray, layout_gridville, hell_entry,
          serial_glass, glass_columns_a, glass_columns_a, glass_columns_a,
          glass_columns_a, glass_columns_a, glass_columns_a,
          minmay_variable_closet, infiniplex_staircase_pool_1
Depths:3: minmay_chopped_fan, layout_basic, rand_demon_pan_entry_5,
          minmay_misc_feat_tower, hangedman_coc_ice_floe, uniq_bai_suzhen
Depths:4: minmay_tile_spiral, layout_cave_pools, serial_shops, bzr_entry_road,
          abyss_entry_flame_altar, special_room [special_room_jelly],
          infiniplex_staircase_pillars_1, pf_hell_entry_tar_spiral,
          grunt_megastairs_2, serial_bayou_shore_b
Depths:5: grunt_x_marks_the_spot, layout_gridville, grunt_hell_entry_dis_grunt,
          hangedman_abyss_or_decor_passed, special_room
          [special_room_magic_class], st_stairs_8, uniq_margery, uniq_saint_roka
Hell
Dis:1:    layout_chaotic_city
Dis:2:    layout_subdivisions
Dis:3:    layout_subdivisions
Dis:4:    layout_subdivisions
Dis:5:    layout_chaotic_city
Dis:6:    layout_chaotic_city, hangedman_player_shredder
Dis:7:    iron_city_of_dis [dis_old, dis_wall_7], layout_chaotic_city,
          nicolae_dis_strange_trophy_room
Geh:1:    layout_gehenna_pools_basic, hangedman_hellfire_club
Geh:2:    layout_gehenna_pools_triple
Geh:3:    layout_gehenna_lava_caves
Geh:4:    layout_gehenna_lava_caves
Geh:6:    layout_gehenna_lava_caves, lemuel_elevator
Geh:7:    geh_grunt_pentagon
Coc:1:    layout_cocytus_water_paths
Coc:2:    layout_cocytus_water_paths, serial_ice
Coc:3:    layout_cocytus_water_paths
Coc:4:    layout_cocytus_water_paths
Coc:5:    layout_cocytus_water_paths
Coc:6:    layout_cocytus_water_paths
Coc:7:    coc_dpeg
Tar:1:    layout_honeycomb
Tar:2:    layout_catacombs
Tar:3:    layout_grid_maze
Tar:5:    layout_honeycomb
Tar:6:    layout_grid_maze, nicolae_tar_cuneiform_heaven
Tar:7:    tar_grunt_cathedral
Zot:1:    layout_twisted_circle
Zot:2:    layout_misc_corridors, lemuel_flame_loot_1
Zot:3:    layout_gridlike, ebering_ghost_inner_flame, grunt_ministairs_9
Zot:4:    layout_basic, lemuel_baited_zot_trap, lemuel_golem_globe

Skill      XL: |  1  2  3  4  5  6  7  8  9 10 11 12 13 14 15 16 17 18 19 20 21 22 23 24 25 26 27 |
---------------+----------------------------------------------------------------------------------+-----
Fighting       | 4 5 6 7 8 9 11 12 14 15 16 17 18 20 21 22 24 25 26 27 | 27.0
Axes           | 4 6 7 8 10 12 13 14 16 17 18 19 20 21 22 24 26 27 | 27.0
Dodging        | 3 4 5 6 7 10 17 22 27 | 27.0
Armour         | 3 5 6 8 10 11 12 13 14 15 16 17 18 19 20 21 27 | 27.0
Shields        | 4 6 8 10 11 12 14 16 17 18 19 22 27 | 27.0
Polearms       | 4 12 | 12.0
Maces & Flails | 3 |  3.4
Evocations     | 27 | 27.0
Stealth        | 9 |  9.7

Action                   |  1- 3 |  4- 6 |  7- 9 | 10-12 | 13-15 | 16-18 | 19-21 | 22-24 | 25-27 || total
-------------------------+-------+-------+-------+-------+-------+-------+-------+-------+-------++-------
Melee: Hand axe          |   116 |       |       |   476 |       |       |       |       |   772 ||  1364
       Headbutt          |    12 |    11 |    42 |   226 |   346 |   420 |   471 |   448 |  3003 ||  4979
       War axe           |     2 |    45 |   194 |   167 |   999 |   682 |   558 |       |   785 ||  3432
       Executioner's axe |       |       |       |    46 |       |       |       |    27 |       ||    73
       Battleaxe         |       |       |       |    15 |       |       |       |       |       ||    15
       Broad axe         |       |       |       |       |       |   591 |   862 |   791 |  5859 ||  8103
       Spear             |       |       |       |       |       |       |       |   211 |       ||   211
       Demon trident     |       |       |       |       |       |       |       |       |    57 ||    57
Invok: Berserk           |     1 |       |     5 |     9 |    13 |    13 |    14 |    12 |    36 ||   103
       Trog's Hand       |       |       |       |     4 |     7 |    14 |    20 |    19 |    62 ||   126
       Brothers in Arms  |       |       |       |     1 |     1 |    11 |    17 |     5 |    39 ||    74
Evoke: Wand              |       |       |       |       |       |       |       |       |     2 ||     2
       Tin of tremorston |       |       |       |       |       |       |       |       |     1 ||     1
  Use: Scroll            |       |       |       |    13 |     6 |    17 |     3 |     6 |    16 ||    61
       Potion            |       |       |       |       |     3 |       |     4 |     6 |    21 ||    34
 Stab: Distracted        |       |       |       |     1 |       |     2 |       |     1 |     4 ||     8
  Eat: Chunk             |     3 |     5 |    12 |    37 |    24 |    41 |    40 |    13 |    60 ||   235
       Ration            |       |       |     1 |     1 |    10 |     8 |     9 |    12 |    42 ||    83
Armor: Animal skin       |    14 |     9 |     1 |       |       |       |       |       |       ||    24
       Chain mail        |       |       |    76 |   165 |       |       |       |       |       ||   241
       Plate armour      |       |       |       |    95 |   459 |   437 |       |       |       ||   991
       Gold dragon scale |       |       |       |       |       |    32 |   311 |   270 |   791 ||  1404
Dodge: Dodged            |    67 |    25 |    73 |   224 |   362 |   470 |   197 |   145 |  1579 ||  3142
Block: Kite shield       |       |       |    52 |   279 |   589 |   973 |   276 |       |       ||  2169
       Tower shield      |       |       |       |       |       |       |   805 |   711 |  6204 ||  7720
       Reflection        |       |       |       |       |       |       |     1 |    42 |    97 ||   140
       Other             |       |       |       |       |       |       |       |     6 |       ||     6
